 Dungeon Crawl Stone Soup version 0.24-a0-525-g9231cdcba1 (webtiles) character file.

Game seed: 5273367370421603915

211 Peloso the Shield-Bearer (level 5, 0/47 HPs)
             Began as a Minotaur Fighter on Aug 3, 2019.
             Slain by Pikel
             ... wielding a +1 whip of freezing
              (6 damage)
             ... on level 4 of the Dungeon.
             The game lasted 00:04:52 (2831 turns).

Peloso the Shield-Bearer (Minotaur Fighter)         Turns: 2831, Time: 00:04:53

Health: 0/47       AC:  7    Str: 21    XL:     5   Next: 57%
Magic:  4/4        EV:  9    Int:  5    God:
Gold:   139        SH: 14    Dex: 10    Spells: 4/4 levels left

rFire    . . .     SeeInvis .   a - +0 long sword
rCold    . . .     Gourm    .   c - +0 shield
rNeg     . . .     Faith    .   b - +0 scale mail
rPois    .         Spirit   .   (helmet restricted)
rElec    .         Reflect  +   (no cloak)
rCorr    .         Harm     .   (no gloves)
MR       .....                  (no boots)
Stlth    ..........             r - +4 amulet of reflection
HPRegen  0.15/turn              i - +1 ring of evasion
MPRegen  0.09/turn              (no ring)

@: no status effects
A: retaliatory headbutt, horns 2
a: no special abilities


You were on level 4 of the Dungeon.
You were hungry.

You visited 1 branch of the dungeon, and saw 4 of its levels.

You collected 139 gold pieces.

Inventory:

Hand Weapons
 a - a +0 long sword (weapon)
Armour
 b - a +0 scale mail (worn)
 c - a +0 shield (worn)
Jewellery
 i - a +1 ring of evasion (left hand)
 m - an uncursed amulet of guardian spirit
 r - a +4 amulet of reflection (around neck)
Scrolls
 e - 4 scrolls of identify {unknown}
 j - 2 scrolls of immolation {unknown}
 k - 2 scrolls of teleportation {unknown}
 l - a scroll of enchant armour {unknown}
 o - 3 scrolls of magic mapping {unknown}
 p - a scroll of blinking {unknown}
 s - a scroll of fog {unknown}
Potions
 d - a potion of might
 g - a potion of haste {unknown}
 h - 2 potions of curing
 n - 2 potions of mutation {unknown}
 q - a potion of magic {unknown}
Comestibles
 f - 7 rations


   Skills:
 + Level 4.6 Fighting
 + Level 3.9 Long Blades
 + Level 4.6 Armour
 + Level 0.5 Dodging
 + Level 0.4 Stealth
 + Level 5.3 Shields


You had 4 spell levels left.
You didn't know any spells.
Your spell library was empty.

Dungeon Overview and Level Annotations

Branches:
Dungeon (4/15)
 Temple: D:4-7

Altars:
Ashenzari
Fedhas
Gozag
Kikubaaqudgha
Makhleb
Ru
Trog
Uskayaw
Wu Jian
Zin

Annotations:
D:4 Pikel


Innate Abilities, Weirdness & Mutations

You reflexively headbutt those who attack you in melee.
You have a pair of horns on your head.


Message History

Pikel hits you with a +1 whip of freezing.
Pikel freezes you.
Your scale mail prevents you from hitting Pikel.
Pikel is heavily wounded.
You block Pikel's attack. Pikel hits you but does no damage.
You hit Pikel.
Pikel is severely wounded.
Pikel says, "You'll feel the lick of my whip!"
You block Pikel's attack.
You closely miss Pikel. You headbutt Pikel!
Pikel is almost dead.
Pikel hits you with a +1 whip of freezing!
* * * LOW HITPOINT WARNING * * *
Pikel freezes you.
* * * LOW HITPOINT WARNING * * *
You closely miss Pikel. You headbutt Pikel, but do no damage.
Pikel is almost dead.
Pikel waves his whip at you.
Pikel hits you with a +1 whip of freezing.
You die...

##p....... #.........
#.Kp...... #..........
#..........#
..........#
..##########.......)#
.......@Kppp........##
..#########p.........#
#..........#
#..........#
#..........#
#..........#
##........##
##.....<## ########


You could see Pikel and 4 slaves.

Vanquished Creatures
  An orc wizard (D:3)
  5 adders
  2 oozes (D:3)
  3 worms (D:2)
  3 dart slugs
  6 leopard geckos
  6 orcs (D:3)
  9 bats
  5 giant cockroaches
  9 goblins
  7 hobgoblins
  17 jackals
  A quokka (D:2)
  A ball python (D:2)
  3 frilled lizards (D:2)
  10 kobolds
  10 rats
98 creatures vanquished.

Notes
Turn   | Place    | Note
-------+----------+-------------------------------------------
     0 | D:1      | Peloso the Minotaur Fighter began the quest for the Orb.
     0 | D:1      | Reached XP level 1. HP: 19/19 MP: 0/0
    35 | D:1      | Reached XP level 2. HP: 27/27 MP: 1/1
   271 | D:1      | Reached skill level 4 in Shields
   509 | D:1      | Reached XP level 3. HP: 28/33 MP: 2/2
   729 | D:2      | Found an opulent altar of Gozag.
   801 | D:2      | Reached XP level 4. HP: 35/40 MP: 3/3
   840 | D:2      | Found a bloodstained altar of Trog.
  1018 | D:2      | Found an ancient bone altar of Kikubaaqudgha.
  1018 | D:2      | Found an ornate altar of the Wu Jian Council.
  1018 | D:2      | Found a glowing silver altar of Zin.
  1020 | D:2      | Found a sacrificial altar of Ru.
  1021 | D:2      | Found a burning altar of Makhleb.
  1022 | D:2      | Found a shattered altar of Ashenzari.
  1763 | D:3      | Reached XP level 5. HP: 47/47 MP: 4/4
  2093 | D:3      | Reached skill level 5 in Shields
  2489 | D:3      | Found a hide-covered altar of Uskayaw.
  2497 | D:3      | Found a blossoming altar of Fedhas.
  2783 | D:4      | Noticed a slave
  2783 | D:4      | Noticed a slave
  2785 | D:4      | Noticed Pikel
  2786 | D:4      | Noticed a slave
  2787 | D:4      | Noticed a slave
  2831 | D:4      | Slain by Pikel

Levels and vault maps discovered:
D:1:      roderic_dead_forest, layout_basic
D:2:      minmay_skewed_foursquare, layout_basic,
          nicolae_gozag_cash_rules_everything_around_me, minitemple,
          moated_statue, bloody_trog
D:3:      layout_basic, gammafunk_temple_overflow_pools, first_ration
D:4:      minmay_octagon_keep, layout_rooms, portal_sewer_entry_f, uniq_pikel

Skill      XL: |  1  2  3  4  5 |
---------------+----------------+-----
Shields        | 4 5 |  5.3
Fighting       | 4 |  4.6
Armour         | 4 |  4.6
Long Blades    | 3 |  3.9
Dodging        | |  0.5
Stealth        | |  0.4

Action                   |  1- 3 |  4- 6 || total
-------------------------+-------+-------++-------
Melee: Long sword        |   114 |   165 ||   279
       Headbutt          |    19 |    33 ||    52
  Use: Potion            |       |     1 ||     1
  Eat: Chunk             |       |     6 ||     6
Armor: Scale mail        |    51 |    52 ||   103
Dodge: Dodged            |    43 |    52 ||    95
Block: Shield            |    78 |   143 ||   221
       Reflection        |       |     7 ||     7
       Rpst.: Long sword |     7 |    11 ||    18

Table legend:
 A = Non-vault XP
 B = Vault XP
 C = Vault XP percentage of total XP
 D = Non-vault monster count
 E = Vault monster count
 F = Vault count percentage of total count
                 A         B        C        D         E       F
            +---------+---------+-------+---------+---------+-------
      Total |     286 |      16 |   5.3 |      95 |       3 |   3.1
            +---------+---------+-------+---------+---------+-------
        D:1 |      45 |       0 |   0.0 |      24 |       0 |   0.0
        D:2 |     105 |      16 |  13.2 |      39 |       3 |   7.1
        D:3 |     136 |       0 |   0.0 |      32 |       0 |   0.0
            +---------+---------+-------+---------+---------+-------
